[Event "Titled Tuesday Blitz July 05 Early 2022"]
[White "Tristan, Leonardo"]
[Black "Vachier-Lagrave, Maxime"]
[WhiteFideId "113816"]
[BlackFideId "623539"]
[WhiteElo "2404"]
[BlackElo "2784"]
[Result "0-1"]
[Round "04"]
[TimeControl "180+1"]
[Date "2022.07.05"]
[WhiteClock "0:00:02"]
[BlackClock "0:00:54"]

1. d4 d5 2. Nf3 Nf6 3. Bf4 c6 4. e3 Bg4 5. c4 e6 6. Qb3 Qa5+ 7. Nc3 Bb4 8. Ne5 Bf5 9. a3 Bxc3+ 10. bxc3 Ne4 11. Rc1 f6 12. Qxb7 fxe5 13. Qxa8 O-O 14. Bd3 exf4 15. O-O Nxc3 16. Bxf5 exf5 17. Kh1 dxc4 18. Rc2 Qc7 19. Rb2 Nb5 20. d5 c3 21. Rb3 c2 22. Rc1 fxe3 23. fxe3 Qa5 24. Rd3 Qb6 25. Rxc2 Nc7 0-1


[Site "https://www.chess.com"]

[Event "Titled Tuesday Blitz July 05 Early 2022"]
[White "Vlassov, Nikolai"]
[Black "Grandelius, Nils"]
[WhiteFideId "4103360"]
[BlackFideId "1710400"]
[WhiteElo "2324"]
[BlackElo "2617"]
[Result "0-1"]
[Round "04"]
[TimeControl "180+1"]
[Date "2022.07.05"]
[WhiteClock "0:00:05"]
[BlackClock "0:00:38"]

1. e4 c5 2. c3 e5 3. Nf3 Nc6 4. Bc4 g6 5. d4 cxd4 6. cxd4 exd4 7. O-O Bg7 8. Qb3 Qe7 9. Bg5 f6 10. Bxg8 fxg5 11. Na3 g4 12. Nd2 Rb8 13. Bd5 Nd8 14. Nb5 Ne6 15. Nxa7 O-O 16. Rac1 Kh8 17. Nxc8 Rbxc8 18. Rxc8 Rxc8 19. Qxb7 Rc2 20. Bxe6 Rxd2 21. Bxg4 d3 22. Rd1 Rxb2 23. Qc8+ Qf8 24. Qxf8+ Bxf8 25. Rxd3 Bc5 26. Rxd7 Rxf2 27. g3 Rf4+ 28. Kg2 Rxg4 29. Rd5 Be7 30. Kf3 Rg5 0-1


[Site "https://www.chess.com"]

[Event "Titled Tuesday Blitz July 05 Early 2022"]
[White "Volkov, Maksim"]
[Black "Moiseenko, Alexander"]
[WhiteFideId "54123070"]
[BlackFideId "14102560"]
[WhiteElo "2155"]
[BlackElo "2577"]
[Result "0-1"]
[Round "04"]
[TimeControl "180+1"]
[Date "2022.07.05"]
[WhiteClock "0:00:42"]
[BlackClock "0:01:15"]

1. d4 Nf6 2. c4 e6 3. g3 c5 4. d5 exd5 5. cxd5 b5 6. Nf3 Bb7 7. e4 Nxe4 8. Bg2 Be7 9. O-O O-O 10. Re1 f5 11. a4 b4 12. Ne5 d6 13. Nc4 Nd7 14. Nbd2 Bxd5 15. Nxe4 Bxe4 16. Bxe4 fxe4 17. Nxd6 Ne5 18. Nxe4 Nf3+ 19. Kg2 Nxe1+ 20. Qxe1 Qd5 21. Bf4 Bf6 22. Rd1 Bd4 23. f3 Rae8 24. Qd2 Rxe4 25. fxe4 Qxe4+ 26. Kh3 g5 27. Bxg5 Rf2 28. Qd3 Qg2+ 29. Kg4 h5+ 30. Kxh5 Qh3+ 31. Bh4 Rf5+ 0-1


[Site "https://www.chess.com"]

[Event "Titled Tuesday Blitz July 05 Early 2022"]
[White "Zhalmakhanov, Ramazan"]
[Black "Samunenkov, Ihor"]
[WhiteFideId "13706357"]
[BlackFideId "14187086"]
[WhiteElo "2397"]
[BlackElo "2409"]
[Result "1-0"]
[Round "04"]
[TimeControl "180+1"]
[Date "2022.07.05"]
[WhiteClock "0:00:08"]
[BlackClock "0:00:06"]

1. d4 d5 2. Bf4 Nf6 3. Nc3 e6 4. Nb5 Na6 5. e3 Be7 6. Nf3 O-O 7. h4 Ne4 8. Nd2 Nxd2 9. Qxd2 c6 10. Nc3 c5 11. h5 h6 12. Bxa6 bxa6 13. O-O Bb7 14. Na4 Rc8 15. c3 Qd7 16. b3 f6 17. Rfd1 Qe8 18. Qe2 Qf7 19. Rac1 Rfe8 20. Bg3 Bf8 21. c4 dxc4 22. bxc4 cxd4 23. exd4 Rcd8 24. Nc3 Rd7 25. c5 Red8 26. Ne4 Rxd4 27. Rxd4 Rxd4 28. c6 Bc8 29. f3 e5 30. Bf2 Rd8 31. Qe3 Rd4 32. Qc3 Rd8 33. Qe3 Be6 34. c7 Rc8 35. Qxa7 Bd5 36. Bb6 Bxe4 37. fxe4 Qxh5 38. Qb7 Qe8 39. Qd5+ Qf7 40. Rd1 Qxd5 41. Rxd5 Be7 42. Rd8+ Bxd8 43. cxd8=Q+ Rxd8 44. Bxd8 Kf7 45. Kf2 Ke6 46. g4 g6 47. Kf3 f5 48. Ba5 fxe4+ 49. Kxe4 h5 50. g5 Kd6 51. Bb4+ Ke6 52. a4 h4 53. Be1 h3 54. Bg3 Kd6 55. Bxe5+ Ke6 56. a5 Ke7 57. Kd5 Kd7 58. Bd6 Kc8 59. Ke6 Kb7 60. Kf6 Kc6 61. Bh2 Kb5 62. Kxg6 Kxa5 63. Kh7 1-0


[Site "https://www.chess.com"]

[Event "Titled Tuesday Blitz July 05 Early 2022"]
[White "Zomorrodian, Eilia"]
[Black "Ibrahimli, Murad"]
[WhiteFideId "12551805"]
[BlackFideId "13410229"]
[WhiteElo "2098"]
[BlackElo "2109"]
[Result "1-0"]
[Round "04"]
[TimeControl "180+1"]
[Date "2022.07.05"]
[WhiteClock "0:00:05"]
[BlackClock "0:00:18"]

1. e4 c6 2. d4 d5 3. exd5 cxd5 4. c4 Nf6 5. Nc3 e6 6. c5 b6 7. b4 Be7 8. Nf3 O-O 9. Bf4 Ne4 10. Qc2 a5 11. Na4 Nd7 12. Bb5 axb4 13. c6 Ba6 14. Bxa6 Rxa6 15. cxd7 Qxd7 16. Nb2 Qa7 17. Nd3 b3 18. Qxb3 Ra3 19. Qb5 Nc3 20. Qb2 Ne4 21. Qb5 Nc3 22. Qb2 Qa6 23. Nde5 Bb4 24. Ng1 Ne4+ 25. Qxb4 Rxa2 26. Rxa2 Qxa2 27. Ne2 f6 28. Nd7 Rc8 29. O-O Qxe2 30. Qe7 Nxf2 31. Rxf2 Qd1+ 32. Rf1 Qxd4+ 33. Kh1 Qxf4 34. Qxe6+ Kh8 35. Re1 h6 36. Nxf6 Qxf6 37. Qxc8+ Kh7 38. Qe6 1-0


[Site "https://www.chess.com"]

[Event "Titled Tuesday Blitz July 05 Early 2022"]
[White "Atakishiyev, Elmar"]
[Black "Martinez Alcantara, Jose Eduardo"]
[WhiteFideId "13410547"]
[BlackFideId "3805662"]
[WhiteElo "2087"]
[BlackElo "2703"]
[Result "0-1"]
[Round "05"]
[TimeControl "180+1"]
[Date "2022.07.05"]
[WhiteClock "0:00:25"]
[BlackClock "0:00:55"]

1. d4 Nf6 2. Nf3 e6 3. Bg5 Be7 4. Nbd2 c5 5. e3 b6 6. Bd3 Bb7 7. O-O cxd4 8. exd4 d6 9. c3 Nbd7 10. Re1 O-O 11. Qc2 Re8 12. Ne4 Nxe4 13. Bxe7 Rxe7 14. Bxe4 Bxe4 15. Qxe4 Nf6 16. Qf4 Qd7 17. Re2 Rd8 18. Rae1 b5 19. a3 a5 20. h4 Qc6 21. Nd2 Qd5 22. b3 Qc6 23. c4 bxc4 24. bxc4 Ree8 25. Qg5 Qb6 26. d5 h6 27. Qg3 exd5 28. Rxe8+ Rxe8 29. Rxe8+ Nxe8 30. cxd5 Qb2 31. Qe3 Nf6 32. Nc4 Qb1+ 33. Kh2 Ng4+ 0-1


[Site "https://www.chess.com"]

[Event "Titled Tuesday Blitz July 05 Early 2022"]
[White "Cabarkapa, Novak"]
[Black "Andreikin, Dmitry"]
[WhiteFideId "943746"]
[BlackFideId "4158814"]
[WhiteElo "2390"]
[BlackElo "2736"]
[Result "0-1"]
[Round "05"]
[TimeControl "180+1"]
[Date "2022.07.05"]
[WhiteClock "0:00:39"]
[BlackClock "0:01:23"]

1. c4 e6 2. g3 d5 3. Bg2 Nf6 4. Nf3 Be7 5. O-O O-O 6. b3 b6 7. Bb2 Bb7 8. e3 Nbd7 9. Nc3 Re8 10. Rc1 a6 11. Qe2 Ne4 12. d3 Nxc3 13. Bxc3 c5 14. Rfd1 b5 15. d4 dxc4 16. bxc4 b4 17. Bb2 Qa5 18. Qc2 Rac8 19. Ng5 Bxg5 20. Bxb7 Rc7 21. Bg2 Bf6 22. Qb3 h6 23. f4 Rec8 24. d5 exd5 25. Rxd5 Bxb2 26. Qxb2 Nf6 27. Rd6 Re7 28. Rxf6 gxf6 29. Qxf6 Qa3 30. Re1 Rxe3 31. Rd1 Qc3 32. Qf5 Re1+ 33. Rxe1 Qxe1+ 34. Bf1 Qe3+ 35. Kg2 Rd8 36. Kh3 Qe6 37. Bd3 Rxd3 0-1


[Site "https://www.chess.com"]

[Event "Titled Tuesday Blitz July 05 Early 2022"]
[White "Chernobay, Artem"]
[Black "Tristan, Leonardo"]
[WhiteFideId "4167406"]
[BlackFideId "113816"]
[WhiteElo "2473"]
[BlackElo "2404"]
[Result "0-1"]
[Round "05"]
[TimeControl "180+1"]
[Date "2022.07.05"]
[WhiteClock "0:00:01"]
[BlackClock "0:00:02"]

1. d4 d5 2. c4 e6 3. Nc3 a6 4. cxd5 exd5 5. Bf4 Nf6 6. e3 c5 7. Bd3 c4 8. Bc2 b5 9. a3 Bb7 10. Nf3 Be7 11. O-O O-O 12. Ne5 Nbd7 13. Qf3 Re8 14. Qh3 Nf8 15. Bg5 Ne4 16. Bxe7 Qxe7 17. f3 Nxc3 18. bxc3 Bc8 19. Bf5 f6 20. Bxc8 fxe5 21. Bf5 exd4 22. exd4 Qe3+ 23. Kh1 Qxc3 24. Qh4 Ra7 25. Rfe1 Rxe1+ 26. Rxe1 Rf7 27. Bc8 Qxa3 28. Qd8 Qb4 29. Qe8 Rf6 30. h3 h6 31. Re7 Qd2 32. Be6+ Kh7 33. Bf7 Qc1+ 34. Kh2 Qf4+ 35. Kh1 Qc1+ 36. Kh2 Qf4+ 37. Kh1 Rxf7 38. Rxf7 Qc1+ 39. Kh2 Ng6 40. Qd7 Kh8 41. Qf5 Kh7 42. Qd7 Kh8 43. Qd6 Qg5 44. Qe6 Kh7 0-1


[Site "https://www.chess.com"]

[Event "Titled Tuesday Blitz July 05 Early 2022"]
[White "Deac, Bogdan-Daniel"]
[Black "Terrieux, Kevin"]
[WhiteFideId "1226380"]
[BlackFideId "622591"]
[WhiteElo "2648"]
[BlackElo "2482"]
[Result "1-0"]
[Round "05"]
[TimeControl "180+1"]
[Date "2022.07.05"]
[WhiteClock "0:00:04"]
[BlackClock "0:00:04"]

1. d4 e6 2. Nf3 f5 3. g3 b6 4. d5 Bb7 5. dxe6 dxe6 6. Qxd8+ Kxd8 7. Bg2 Bd6 8. O-O Ke7 9. Re1 Nf6 10. Nbd2 Nbd7 11. e4 Nxe4 12. Nxe4 fxe4 13. Ng5 Nf6 14. Nxe4 Nxe4 15. Bxe4 Bxe4 16. Rxe4 Rhf8 17. Bd2 Kd7 18. Rh4 h6 19. Rg4 Be5 20. c3 Bf6 21. Re1 Rad8 22. h4 Kc8 23. Bc1 Rd6 24. Rg6 Rf7 25. Kg2 Kd7 26. h5 a5 27. g4 Rd5 28. a4 e5 29. Be3 Kd6 30. Kf3 Ke6 31. Ke4 Rdd7 32. Rg1 c5 33. g5 hxg5 34. R1xg5 Ke7 35. Rf5 Rd1 36. h6 Rh1 37. hxg7 Bxg7 38. Rxf7+ Kxf7 39. Rxb6 Bf6 40. Kf3 Rh4 41. b3 c4 42. b4 axb4 43. Rxb4 e4+ 44. Kg3 Rh5 45. Rxc4 Be5+ 46. Kg4 Kg6 47. Rc6+ 1-0


[Site "https://www.chess.com"]

[Event "Titled Tuesday Blitz July 05 Early 2022"]
[White "Fedoseev, Vladimir"]
[Black "Moiseenko, Alexander"]
[WhiteFideId "24130737"]
[BlackFideId "14102560"]
[WhiteElo "2726"]
[BlackElo "2577"]
[Result "1-0"]
[Round "05"]
[TimeControl "180+1"]
[Date "2022.07.05"]
[WhiteClock "0:00:07"]
[BlackClock "0:00:04"]

1. d4 Nf6 2. Nf3 e6 3. c4 Bb4+ 4. Bd2 c5 5. Bxb4 cxb4 6. e3 b6 7. Bd3 Bb7 8. O-O O-O 9. Re1 a5 10. Nbd2 Na6 11. Rc1 d6 12. Ng5 h6 13. Nge4 Nxe4 14. Bxe4 Bxe4 15. Nxe4 d5 16. Nd2 Rc8 17. Qe2 Nc7 18. c5 Na8 19. Qb5 Qc7 20. Nf3 Qa7 21. Ne5 bxc5 22. dxc5 Qc7 23. f4 Rfd8 24. Red1 Qa7 25. Kf2 Nc7 26. Qb6 Qa8 27. Nc6 Re8 28. Nxa5 d4 29. Rxd4 Nd5 30. Qb5 e5 31. fxe5 Rxe5 32. Nc4 Rf5+ 33. Kg1 Rg5 34. Rd2 Nc7 35. Qxb4 Qe4 36. Qa3 Rb8 37. Nd6 Qe5 38. Qc3 Qe7 39. b4 Nb5 40. Nxb5 Rxb5 41. a4 Rb8 42. b5 Rd8 43. c6 Rxd2 44. Qxd2 Qc7 45. b6 Qxb6 46. c7 Rc5 47. c8=Q+ Rxc8 48. Rxc8+ 1-0


[Site "https://www.chess.com"]

[Event "Titled Tuesday Blitz July 05 Early 2022"]
[White "Filgueira, Hernan"]
[Black "Livaic, Leon"]
[WhiteFideId "101770"]
[BlackFideId "14531534"]
[WhiteElo "2363"]
[BlackElo "2540"]
[Result "0-1"]
[Round "05"]
[TimeControl "180+1"]
[Date "2022.07.05"]
[WhiteClock "0:00:16"]
[BlackClock "0:02:17"]

1. Nf3 d5 2. d4 e6 3. Bf4 Nf6 4. e3 Bd6 5. Nbd2 b6 6. Bd3 Bb7 7. Ne5 O-O 8. Qf3 Nbd7 9. c3 Bxe5 10. dxe5 Ne4 11. Nxe4 dxe4 12. Bxe4 Bxe4 13. Qxe4 Nc5 14. Qc2 Qd3 15. Qxd3 Nxd3+ 16. Ke2 Nxb2 17. Rab1 Na4 18. Kd2 Rfd8+ 19. Kc2 Rd5 20. c4 Rd7 21. Bg5 h6 22. Bh4 g5 23. Bg3 Rad8 24. Kb3 Nc5+ 25. Kb2 Rd2+ 26. Ka1 Ne4 27. f3 Nc3 28. Rb2 Rd1+ 29. Rb1 Nxb1 30. Rxd1 Rxd1 31. Kb2 Rg1 32. Kc2 Na3+ 33. Kb3 Nb1 34. Kc2 Kg7 35. a4 Kg6 36. e4 h5 37. f4 h4 38. f5+ exf5 39. exf5+ Kxf5 40. e6 Kxe6 41. Bxc7 Na3+ 42. Kb3 Nxc4 43. Kxc4 Rc1+ 44. Kb5 Rxc7 45. Ka6 f5 46. a5 bxa5 47. Kxa5 f4 48. Kb4 g4 49. Kb3 f3 50. gxf3 gxf3 51. Kb2 f2 52. Kb3 f1=Q 0-1


[Site "https://www.chess.com"]

[Event "Titled Tuesday Blitz July 05 Early 2022"]
[White "Guz, Ari"]
[Black "Naroditsky, Daniel"]
[WhiteFideId "2825759"]
[BlackFideId "2026961"]
[WhiteElo "1913"]
[BlackElo "2608"]
[Result "0-1"]
[Round "05"]
[TimeControl "180+1"]
[Date "2022.07.05"]
[WhiteClock "0:00:11"]
[BlackClock "0:00:05"]

1. e4 e5 2. Nf3 Nc6 3. Bc4 Nf6 4. d3 h6 5. O-O d6 6. c3 g5 7. Be3 Bg7 8. Nbd2 g4 9. Ne1 d5 10. exd5 Nxd5 11. Bc5 Be6 12. Ba3 Qd7 13. Ne4 b6 14. Qa4 Na5 15. Bb5 c6 16. Nd6+ Kf8 17. Bc4 Kg8 18. Nc2 Nxc4 19. dxc4 Nf4 20. Ne3 h5 21. Rad1 Qc7 22. Ndf5 c5 23. Nxg7 Kxg7 24. b4 h4 25. bxc5 bxc5 26. Rfe1 Rac8 27. Bc1 Qb7 28. Nd5 Ng6 29. Qc2 f5 30. Bg5 Rcf8 31. Ne7 h3 32. f3 g3 33. Nxg6 Kxg6 34. Rxe5 gxh2+ 35. Kf2 hxg2 36. Rxe6+ Kxg5 37. Qd2+ Kh5 38. Qf4 g1=Q+ 39. Rxg1 hxg1=Q+ 40. Kxg1 Rhg8+ 41. Kh2 Qb2+ 0-1


[Site "https://www.chess.com"]

[Event "Titled Tuesday Blitz July 05 Early 2022"]
[White "Hansen, Eric"]
[Black "Zhalmakhanov, Ramazan"]
[WhiteFideId "2606771"]
[BlackFideId "13706357"]
[WhiteElo "2568"]
[BlackElo "2397"]
[Result "1-0"]
[Round "05"]
[TimeControl "180+1"]
[Date "2022.07.05"]
[WhiteClock "0:01:29"]
[BlackClock "0:00:17"]

1. e4 c5 2. Nf3 d6 3. d4 Nf6 4. Nc3 cxd4 5. Nxd4 Bd7 6. Bg5 e6 7. Qd2 a6 8. O-O-O h6 9. Bxf6 Qxf6 10. f4 Nc6 11. Nf3 O-O-O 12. Qe3 g5 13. g3 gxf4 14. gxf4 h5 15. Kb1 Bh6 16. Ng5 Bxg5 17. fxg5 Qe5 18. h4 f6 19. gxf6 Rdf8 20. Qb6 Qc5 21. Qxc5 dxc5 22. Na4 Ne5 23. Nxc5 Rxf6 24. Rg1 Rhf8 25. Be2 Rf4 26. Rg5 1-0


[Site "https://www.chess.com"]

[Event "Titled Tuesday Blitz July 05 Early 2022"]
[White "Ibarra Jerez, Jose Carlos"]
[Black "Hakobyan, Aram"]
[WhiteFideId "2226332"]
[BlackFideId "13306677"]
[WhiteElo "2628"]
[BlackElo "2557"]
[Result "1-0"]
[Round "05"]
[TimeControl "180+1"]
[Date "2022.07.05"]
[WhiteClock "0:00:08"]
[BlackClock "0:00:02"]

1. e4 c5 2. Ne2 Nf6 3. Nbc3 Nc6 4. g3 g6 5. Bg2 Bg7 6. d3 d6 7. O-O Rb8 8. Bg5 h6 9. Be3 b5 10. h3 b4 11. Na4 Nd7 12. d4 cxd4 13. Nxd4 Bb7 14. Qd2 h5 15. b3 h4 16. g4 O-O 17. Rad1 Qa5 18. Nf3 Ba6 19. Rfe1 Bb5 20. Nxh4 Bxa4 21. bxa4 Bc3 22. Qd5 Bxe1 23. Nxg6 Qxd5 24. exd5 Nde5 25. Nxf8 Kxf8 26. dxc6 Bc3 27. f4 Nc4 28. Bxa7 Rc8 29. Rf1 Na5 30. Bb6 Nxc6 31. a5 Bd4+ 32. Bxd4 Nxd4 33. a6 Nb5 34. Rb1 Rxc2 35. Rxb4 Na7 36. Rb8+ Kg7 37. Rb7 Nc8 38. Bd5 e6 39. Bb3 Rc6 40. Bxe6 1-0


[Site "https://www.chess.com"]

[Event "Titled Tuesday Blitz July 05 Early 2022"]
[White "Jobava, Baadur"]
[Black "De Silva, L M S T"]
[WhiteFideId "13601520"]
[BlackFideId "9953698"]
[WhiteElo "2617"]
[BlackElo "1663"]
[Result "1-0"]
[Round "05"]
[TimeControl "180+1"]
[Date "2022.07.05"]
[WhiteClock "0:00:33"]
[BlackClock "0:00:20"]

1. b3 e5 2. Bb2 Nc6 3. Nf3 e4 4. Nd4 Nxd4 5. Bxd4 c5 6. Bb2 Nf6 7. e3 Be7 8. c4 b6 9. Nc3 Bb7 10. Be2 O-O 11. O-O d5 12. cxd5 Nxd5 13. Nxe4 Nxe3 14. fxe3 Bxe4 15. Bc4 Bd3 16. Qg4 g6 17. Rf2 Bxc4 18. Qxc4 Bh4 19. g3 Bg5 20. Raf1 Qe7 21. h4 Bh6 22. Qc3 f6 23. Rxf6 Rxf6 24. Rxf6 b5 25. Rc6 Rf8 26. Qh8+ Kf7 27. Qxh7+ Ke8 28. Rc8+ Kd7 29. Rc7+ Kxc7 30. Qxe7+ Kc6 31. Qe6+ Kc7 32. Be5+ Kb7 33. Qd7+ Kb6 34. Bc7+ Kb7 35. Bd6+ Kb6 36. Qc7+ Ka6 37. Qc6+ Ka5 38. Bxc5 Rb8 39. b4+ Ka4 40. Qa6# 1-0


[Site "https://www.chess.com"]

[Event "Titled Tuesday Blitz July 05 Early 2022"]
[White "Jones, Gawain C B"]
[Black "Kamsky, Gata"]
[WhiteFideId "409561"]
[BlackFideId "2000024"]
[WhiteElo "2657"]
[BlackElo "2645"]
[Result "1/2-1/2"]
[Round "05"]
[TimeControl "180+1"]
[Date "2022.07.05"]
[WhiteClock "0:00:08"]
[BlackClock "0:00:18"]

1. Nf3 Nf6 2. g3 g6 3. b3 Bg7 4. Bb2 d5 5. c4 c6 6. Bg2 O-O 7. O-O Bg4 8. d3 Bxf3 9. Bxf3 e6 10. e3 a5 11. Qc2 Na6 12. a3 Nd7 13. d4 f5 14. Nc3 Nf6 15. cxd5 exd5 16. b4 axb4 17. axb4 b5 18. Ne2 Qd7 19. Nf4 Nxb4 20. Qb3 Na6 21. Rfc1 Nc7 22. Ba3 Rfc8 23. Ra2 Ne6 24. Nd3 Ne4 25. Rac2 h5 26. Nb4 Nd8 27. Be2 Kh7 28. Nd3 Ne6 29. f3 Nd6 30. Bxd6 Qxd6 31. Nb4 Bxd4 32. Rxc6 Qe5 33. Kf2 Bxe3+ 34. Qxe3 Qxe3+ 35. Kxe3 Ra3+ 36. Bd3 Rxc6 37. Rxc6 d4+ 38. Kd2 Ng5 39. Ke2 Rb3 40. Rc7+ Kh6 41. Nc2 Nxf3 42. Kxf3 Rxd3+ 43. Ke2 Rc3 44. Rxc3 dxc3 45. Kd3 Kg5 46. Kxc3 f4 47. Nd4 fxg3 48. hxg3 Kg4 49. Nxb5 h4 50. gxh4 Kxh4 51. Kd2 g5 52. Ke1 g4 53. Kf1 g3 54. Kg1 g2 55. Nc3 Kg4 56. Nd1 Kf3 57. Nf2 Ke2 58. Kxg2 1/2-1/2


[Site "https://www.chess.com"]

[Event "Titled Tuesday Blitz July 05 Early 2022"]
[White "Jubin Jimmy"]
[Black "Aradhya, Garg"]
[WhiteFideId "46686614"]
[BlackFideId "25006746"]
[WhiteElo "2219"]
[BlackElo "2203"]
[Result "1-0"]
[Round "05"]
[TimeControl "180+1"]
[Date "2022.07.05"]
[WhiteClock "0:00:45"]
[BlackClock "0:00:45"]

1. d4 d5 2. c4 c6 3. Nc3 Nf6 4. Nf3 dxc4 5. a4 Bf5 6. Ne5 Nbd7 7. Nxc4 Nb6 8. Ne3 e6 9. a5 Nbd5 10. Nexd5 exd5 11. Qb3 Rb8 12. Bg5 Be7 13. e3 O-O 14. Be2 h6 15. Bh4 Ne8 16. Bg3 Nd6 17. O-O a6 18. Rfc1 Re8 19. Qd1 Bh4 20. Bf4 Bg5 21. Be5 Rc8 22. Bd3 Be6 23. Na4 Bf6 24. Bg3 Nf5 25. Bxf5 Bxf5 26. Nb6 Rc7 27. Bxc7 Qxc7 28. Nxd5 Qd8 29. Nxf6+ Qxf6 30. Qf3 Qe6 31. Rc5 Be4 32. Qg3 Qb3 33. Re5 Rxe5 34. Qxe5 Bd5 35. Rf1 Bc4 36. Re1 Qb4 37. Rb1 Bd3 38. Rc1 Qxb2 39. Qc5 Bb5 40. d5 cxd5 41. Qc8+ Kh7 42. Qf5+ g6 43. Qxf7+ Qg7 44. Rc7 Qxf7 45. Rxf7+ Kg8 46. Rxb7 h5 47. Rxb5 axb5 48. a6 b4 49. a7 b3 50. a8=Q+ Kg7 51. Qb7+ Kh6 52. Qxb3 h4 53. Qxd5 h3 54. Qf7 hxg2 55. Kxg2 Kg5 56. Kg3 Kh6 57. h4 g5 58. h5 g4 59. Qg6# 1-0


[Site "https://www.chess.com"]

[Event "Titled Tuesday Blitz July 05 Early 2022"]
[White "Khripachenko, Alexander"]
[Black "Preotu, Razvan"]
[WhiteFideId "54184975"]
[BlackFideId "2613280"]
[WhiteElo "2147"]
[BlackElo "2407"]
[Result "1/2-1/2"]
[Round "05"]
[TimeControl "180+1"]
[Date "2022.07.05"]
[WhiteClock "0:02:55"]
[BlackClock "0:02:29"]

1. e4 c5 2. Nf3 d6 3. d4 cxd4 4. Nxd4 Nf6 5. f3 e5 6. Nb3 d5 7. Bg5 Be6 8. Bxf6 gxf6 9. exd5 Qxd5 10. Qxd5 Bxd5 11. Nc3 Be6 12. O-O-O Nc6 13. Bb5 Rc8 14. Nd5 f5 15. Nf6+ Ke7 16. Nd5+ Ke8 17. Nf6+ Ke7 18. Nd5+ Ke8 19. Nf6+ Ke7 1/2-1/2


[Site "https://www.chess.com"]

[Event "Titled Tuesday Blitz July 05 Early 2022"]
[White "Kovalev, Vladislav"]
[Black "Terry, Renato"]
[WhiteFideId "13504398"]
[BlackFideId "3803457"]
[WhiteElo "2530"]
[BlackElo "2577"]
[Result "1-0"]
[Round "05"]
[TimeControl "180+1"]
[Date "2022.07.05"]
[WhiteClock "0:00:10"]
[BlackClock "0:00:04"]

1. e4 g6 2. d4 Bg7 3. Be3 Nf6 4. Nc3 d5 5. e5 Ng4 6. Bf4 f6 7. exf6 exf6 8. Qd2 f5 9. O-O-O O-O 10. h4 Nf6 11. Bg5 Qd6 12. Nf3 Nbd7 13. Bf4 Qb6 14. Ne5 c6 15. f3 Nh5 16. Nxd7 Bxd7 17. Bd6 Rfe8 18. Ne2 Qd8 19. Ng3 Be6 20. Nxh5 Qxd6 21. Nxg7 Kxg7 22. h5 f4 23. hxg6 hxg6 24. Bd3 Rh8 25. Rhe1 Rh5 26. Re2 Bf5 27. Rde1 Rf8 28. Re5 Bxd3 29. Rxh5 gxh5 30. Qxd3 Qg6 31. Qd2 Rf7 32. b3 Kh7 33. Re5 Rf5 34. Re2 Rf7 35. Kb2 Qg5 36. a4 h4 37. a5 a6 38. Re5 Qg6 39. Qf2 Qg3 40. Qe2 Qg6 41. Re6 Qf5 42. Qe1 Kg7 43. Re5 Qf6 44. Qf2 Kg6 45. Qe2 Kg7 46. Ka2 Qg6 47. Qf2 Qg3 48. Qe2 Qg6 49. Kb1 Kh7 50. Re6 Qg5 51. Re8 Kg7 52. Qe6 Qxg2 53. Qe5+ Rf6 54. Qe7+ Rf7 55. Qe5+ Rf6 56. Re7+ Kg6 57. Rxb7 Qg1+ 58. Kb2 Qe3 59. Qc7 Qxd4+ 60. Ka2 Kh5 61. Qh7+ Rh6 62. Qf5# 1-0


[Site "https://www.chess.com"]

[Event "Titled Tuesday Blitz July 05 Early 2022"]
[White "Koziorowicz, Michal"]
[Black "Samunenkov, Ihor"]
[WhiteFideId "21809194"]
[BlackFideId "14187086"]
[WhiteElo "2202"]
[BlackElo "2409"]
[Result "1-0"]
[Round "05"]
[TimeControl "180+1"]
[Date "2022.07.05"]
[WhiteClock "0:01:05"]
[BlackClock "0:00:07"]

1. e4 c6 2. d4 d5 3. e5 c5 4. dxc5 e6 5. a3 Bxc5 6. Nf3 Ne7 7. Bd3 Ng6 8. O-O O-O 9. Nc3 Nc6 10. Re1 a6 11. Ng5 h6 12. Nxf7 Rxf7 13. Bxg6 Bxf2+ 14. Kh1 Rf8 15. Re2 Qh4 16. Be3 Bg3 17. Bg1 Nxe5 18. Re3 Bxh2 19. Rh3 Qf6 20. Bxh2 Nxg6 21. Rf3 Qe7 22. Rxf8+ Qxf8 23. Qg4 Ne7 24. Na4 e5 25. Qe2 Bf5 26. Qxe5 Be4 27. Nc5 Nc6 28. Qe6+ Qf7 29. Qxf7+ Kxf7 30. Nxb7 Nd4 31. c3 Nb3 32. Re1 Kg6 33. Nd6 Nc5 34. b4 Nd3 35. Re2 Rf8 36. Bg3 Nf4 37. Bxf4 Rxf4 38. c4 Bd3 39. Re6+ Rf6 40. Rxf6+ Kxf6 41. c5 Ke6 42. Kg1 h5 43. Kf2 g5 44. Ke3 Bf1 45. Ne8 Bxg2 46. Ng7+ Kf6 47. Nxh5+ Kg6 48. Ng3 g4 49. Kd4 Kf6 50. Ne2 Ke7 51. Ke5 Kd7 52. Nd4 g3 53. Kf4 Be4 54. Kxg3 a5 55. Kf4 axb4 56. axb4 Ke7 57. Ke5 Kd7 58. b5 Ke7 59. b6 Kd7 60. c6+ Kc8 61. Kd6 Bg6 62. c7 Be8 63. Nf5 Bd7 64. Ne7+ Kb7 65. Kxd7 1-0


[Site "https://www.chess.com"]

[Event "Titled Tuesday Blitz July 05 Early 2022"]
[White "Kozlov, Oleg"]
[Black "Kosteniuk, Alexandra"]
[WhiteFideId "4104544"]
[BlackFideId "4128125"]
[WhiteElo "2132"]
[BlackElo "2469"]
[Result "0-1"]
[Round "05"]
[TimeControl "180+1"]
[Date "2022.07.05"]
[WhiteClock "0:00:04"]
[BlackClock "0:00:16"]

1. c4 e5 2. e3 Nf6 3. a3 g6 4. Nf3 d6 5. d4 e4 6. Nfd2 Bg7 7. Nc3 Qe7 8. Be2 h5 9. b4 Nc6 10. Bb2 Bf5 11. Qb3 a5 12. c5 axb4 13. axb4 Rxa1+ 14. Bxa1 O-O 15. O-O Rd8 16. b5 Nb8 17. cxd6 cxd6 18. Bb2 Nbd7 19. Ra1 Nb6 20. Ra7 Qc7 21. h3 d5 22. Qa2 Nc8 23. Ra8 Be6 24. Nb3 Bf8 25. Qa5 b6 26. Qa1 Bb4 27. Ra4 Bd6 28. Ra8 Bh2+ 29. Kh1 Bd6 30. Kg1 Ne7 31. Ra7 Qb8 32. Ra6 Nf5 33. Na4 Bc7 34. Nc3 Nh4 35. Nd2 Qc8 36. Bf1 Nh7 37. g3 Nf5 38. Bg2 Nd6 39. Qf1 Ng5 40. h4 Nh7 41. Bh3 Bxh3 0-1


[Site "https://www.chess.com"]

[Event "Titled Tuesday Blitz July 05 Early 2022"]
[White "Krysa, Leandro"]
[Black "Lashkin, Jegor"]
[WhiteFideId "116807"]
[BlackFideId "13907808"]
[WhiteElo "2490"]
[BlackElo "2368"]
[Result "1-0"]
[Round "05"]
[TimeControl "180+1"]
[Date "2022.07.05"]
[WhiteClock "0:00:15"]
[BlackClock "0:00:02"]

1. Nf3 d5 2. g3 Nf6 3. Bg2 Bg4 4. O-O e6 5. h3 Bh5 6. d4 Nbd7 7. c4 c6 8. cxd5 exd5 9. Ne5 Nxe5 10. dxe5 Ne4 11. Nc3 Nxc3 12. bxc3 Be7 13. g4 Bg6 14. f4 f5 15. Be3 Qd7 16. g5 h6 17. h4 hxg5 18. hxg5 Qe6 19. Qb3 Kf7 20. Qxb7 Rab8 21. Qxa7 Rb2 22. Bf3 Bh5 23. Rab1 Rxb1 24. Rxb1 Bxf3 25. exf3 d4 26. Bxd4 Qc4 27. Rb7 Re8 28. Bc5 Qe2 29. Rxe7+ Rxe7 30. Qxe7+ Kg6 31. Qe8+ Kh7 32. Qh5+ Kg8 33. g6 Qd1+ 34. Kg2 Qe2+ 35. Bf2 c5 36. Qh7+ Kf8 37. Qh8+ Ke7 38. Qxg7+ Kd8 39. Qf6+ Kc7 40. Qf7+ Kb6 41. g7 Kb5 42. g8=Q 1-0


[Site "https://www.chess.com"]

[Event "Titled Tuesday Blitz July 05 Early 2022"]
[White "Madaminov, Mukhiddin"]
[Black "Golubovskis, Maksims"]
[WhiteFideId "14210703"]
[BlackFideId "11608528"]
[WhiteElo "2011"]
[BlackElo "2163"]
[Result "1-0"]
[Round "05"]
[TimeControl "180+1"]
[Date "2022.07.05"]
[WhiteClock "0:02:28"]
[BlackClock "0:01:06"]

1. d4 Nf6 2. Nc3 d5 3. Bf4 e6 4. Nb5 Na6 5. e3 Be7 6. Nf3 O-O 7. Bd3 c6 8. Nc3 c5 9. O-O Nb4 10. a3 Nxd3 11. cxd3 cxd4 12. Nxd4 Bd6 13. Nf3 Bxf4 14. exf4 Qd6 15. Qd2 b6 16. Rfe1 Ba6 17. d4 Rfe8 18. Ne5 Qxe5 19. fxe5 Nd7 20. Rac1 Rac8 21. f4 Nb8 22. Na2 Nc6 23. Rxc6 Rxc6 24. Nb4 Bb7 25. Nxc6 Bxc6 26. Rc1 Bb5 27. Rc7 a6 28. Qb4 Rf8 29. a4 Bd3 30. Qxb6 1-0


[Site "https://www.chess.com"]